 Dungeon Crawl Stone Soup version 0.30-a0-219-gf2db51d15e (webtiles) character file.

Game seed: 3693622228606649969

3345 kelmiir the Martial Artist (level 10, -5/76 HPs)
             Began as a Gnoll Transmuter on Oct 6, 2022.
             Was a High Priest of Okawaru.
             Killed from afar by Maurice (15 damage)
             ... with a bolt of dispelling energy
             ... on level 8 of the Dungeon.
             The game lasted 00:17:15 (8678 turns).

kelmiir the Martial Artist (Gnoll Transmuter)       Turns: 8678, Time: 00:17:15

Health: -5/76      AC:  8    Str:  9    XL:     10   Next: 2%
Magic:  25/29      EV: 17    Int: 17    God:    Okawaru [*****.]
Gold:   569        SH:  0    Dex: 13    Spells: 18/23 levels left

rFire   + . .      SeeInvis .      - Unarmed
rCold   + . .      Faith    .    (no shield)
rNeg    . . .      Spirit   .    a - +0 robe
rPois   +          Reflect  .    (no helmet)
rElec   +          Harm     .    o - +2 cloak
rCorr   +          Rampage  .    l - +1 pair of gloves
Will    .....                    (no boots)
Stlth   ++++......               (no amulet)
HPRegen 0.32/turn                p - ring of poison resistance
MPRegen 0.21/turn                w - ring of magical power

@: lethally poisoned (-5 -> -15), resistant (expiring), heroic
A: fangs 1, strong nose, distributed training
a: Renounce Religion, Heroism, Finesse, Duel


You were on level 8 of the Dungeon.
You worshipped Okawaru.
Okawaru was extremely pleased with you.
You visited 1 branch of the dungeon, and saw 8 of its levels.

You collected 569 gold pieces.

Inventory:

Hand Weapons
 k - a +3 dagger of venom
Missiles
 y - a curare-tipped dart
Armour
 a - a +0 robe (worn)
 l - a +1 pair of gloves (worn)
 o - a +2 cloak (worn)
 q - a +0 kite shield
Jewellery
 p - a ring of poison resistance (left hand)
 r - a ring of willpower
 w - a ring of magical power (right hand)
Wands
 c - a wand of polymorph (10)
 i - a wand of paralysis (3)
 t - a wand of flame (22)
Scrolls
 b - 2 scrolls of teleportation
 f - a scroll of vulnerability
Potions
 d - a potion of attraction
 e - a potion of invisibility
 g - a potion of berserk rage
 h - 3 potions of mutation
 m - a potion of haste {unknown}
 s - a potion of flight {unknown}
 v - 2 potions of might
 z - a potion of magic {unknown}


   Skills:
 + Level 5.7(10.7) Fighting
 + Level 5.0(10.0) Short Blades
 + Level 5.0(10.0) Long Blades
 + Level 5.0(10.0) Axes
 + Level 5.0(10.0) Maces & Flails
 + Level 5.0(10.0) Polearms
 + Level 5.0(10.0) Staves
 + Level 5.0(10.0) Ranged Weapons
 + Level 5.0(10.0) Throwing
 + Level 5.0(10.0) Armour
 + Level 6.8(11.8) Dodging
 + Level 5.0(10.0) Stealth
 + Level 5.0(10.0) Shields
 + Level 8.3(13.3) Unarmed Combat
 + Level 7.1 Spellcasting
 + Level 4.1 Conjurations
 + Level 4.1 Hexes
 + Level 4.1 Summonings
 + Level 4.1 Necromancy
 + Level 4.1 Translocations
 + Level 5.7 Transmutations
 + Level 4.1 Fire Magic
 + Level 4.1 Ice Magic
 + Level 4.1 Air Magic
 + Level 4.1 Earth Magic
 + Level 4.1 Poison Magic
 + Level 5.5 Invocations
 + Level 5.0 Evocations


You had 18 spell levels left.
You knew the following spells:

 Your Spells              Type           Power      Damage    Failure   Level
a - Beastly Appendage     Tmut           50%        N/A       1%          1
b - Ice Form              Ice/Tmut       22%        N/A       16%         4

Your spell library contained the following spells:

 Spells                   Type           Power      Damage    Failure   Level
 Kiss of Death            Conj/Necr      80%        2d11      1%          1
 Wereblood                Tmut           25%        N/A       1%          2
 Cigotuvi's Dreadful Rot  Necr/Pois/Air  40%        N/A       3%          2
 Poisonous Vapours        Pois/Air       40%        N/A       3%          2
 Spider Form              Tmut/Pois      22%        N/A       4%          3
 Confusing Touch          Hex            20%        N/A       6%          3
 Mephitic Cloud           Conj/Pois/Air  20%        N/A       6%          3
 Dispel Undead            Necr           20%        3d11      21%         4


Dungeon Overview and Level Annotations

Branches:
Dungeon (8/15)             Temple (0/1) D:6
   Lair: D:8-11

Altars:
Cheibriados
Dithmenos
Fedhas
Gozag
Nemelex Xobeh
Okawaru
Ru
Yredelemnul
Zin
The Shining One

Shops:
D:4 *

Annotations:
D:8 Maurice


Innate Abilities, Weirdness & Mutations

You have very sharp teeth.
Your uncanny sense of smell can sniff out nearby items.
Your experience applies equally to all skills.


Message History

Your +1 pair of gloves melds into your body.
Your +0 robe melds into your body.
Your roots penetrate the ground.
Joseph hits you with a +0 quarterstaff. Something hits you but does no damage.
Your +3 dagger of venom stops dripping with poison.
You are now empty-handed.
Joseph hits you with a +0 quarterstaff.
* * * LOW HITPOINT WARNING * * *
You smack Joseph!
You kill Joseph!
Okawaru is honoured by your kill.
You can now enter into single combat with a foe.
Okawaru will now gift you equipment as you gain piety.
You hear a zap.
A bolt of dispelling energy appears from out of thin air!
The bolt of dispelling energy hits you!
Your magical effects are unravelling.
* * * LOW HITPOINT WARNING * * *
Your base Short Blades skill increases to level 5!
Your base Long Blades skill increases to level 5!
Your base Axes skill increases to level 5!
Your base Maces & Flails skill increases to level 5!
Your base Polearms skill increases to level 5!
Your base Staves skill increases to level 5!
Your base Ranged Weapons skill increases to level 5!
Your base Throwing skill increases to level 5!
Your base Armour skill increases to level 5!
Your base Stealth skill increases to level 5!
Your base Shields skill increases to level 5!
Your Evocations skill increases to level 5!
You have reached level 10!
You feel protected.
You feel less wooden.
Your +2 cloak unmelds from your body.
Your +1 pair of gloves unmelds from your body.
Your +0 robe unmelds from your body.
The kobold throws a poisoned dart.
The poisoned dart hits you!
You are lethally poisoned!
You hear a zap.
A bolt of dispelling energy appears from out of thin air!
The bolt of dispelling energy hits you!
Your magical effects are unravelling.
You die...

##...?........
###.............
#...............
##...............
#................
#.....$..........
##................
#.................
#@)...............
......{............)....
#.....K.................
........................
........................
........................
........................
.....###################


You could see a kobold.

Vanquished Creatures
  Joseph (D:8)
  Maggie (D:6)
  Prince Ribbit (D:5)
  A wraith (D:7)
  A steam dragon (D:6)
  A water moccasin (D:7)
  2 black bears (D:7)
  2 ice beasts
  4 ogres
  A phantom (D:6)
  A bullfrog (D:6)
  2 kobold brigands
  A necrophage (D:5)
  2 scorpions (D:5)
  5 wights
  3 howler monkeys
  A quasit (D:5)
  A hound (D:5)
  An orc priest (D:6)
  3 jellies
  3 iguanas
  Ijyb (D:3)
  Terence (D:2)
  4 orc wizards
  5 adders
  5 shadow imps (D:5)
  7 white imps
  2 ufetubi
  3 worms
  5 dart slugs
  18 orcs
  6 ball pythons
  6 bats
  5 endoplasms
  A giant cockroach (D:1)
  11 goblins
  3 hobgoblins
  3 quokkas
  5 frilled lizards
  18 kobolds
  3 rats (D:1)
  A spectral orc (D:7)
151 creatures vanquished.

Vanquished Creatures (others)
  3 demonic plants (D:5)
  4 fungi (D:5)
  2 plants (D:5)
9 creatures vanquished.

Grand Total: 160 creatures vanquished

Notes
Turn   | Place    | Note
-------+----------+-------------------------------------------
     0 | D:1      | kelmiir the Gnoll Transmuter began the quest for the Orb.
     0 | D:1      | Reached XP level 1. HP: 17/17 MP: 6/6
   200 | D:1      | Reached XP level 2. HP: 16/23 MP: 7/7
   479 | D:1      | Reached skill level 5 in Spellcasting
   479 | D:1      | Reached XP level 3. HP: 26/28 MP: 7/9
   893 | D:2      | Reached skill level 1 in Invocations
   985 | D:2      | Found a faded altar of an unknown god.
  1018 | D:2      | Prayed at the altar of an unknown god.
  1018 | D:2      | Became a worshipper of Warmaster Okawaru
  1018 | D:2      | Reached * piety under Okawaru
  1222 | D:2      | Reached skill level 1 in Short Blades
  1222 | D:2      | Reached skill level 1 in Long Blades
  1222 | D:2      | Reached skill level 1 in Axes
  1222 | D:2      | Reached skill level 1 in Maces & Flails
  1222 | D:2      | Reached skill level 1 in Polearms
  1222 | D:2      | Reached skill level 1 in Staves
  1222 | D:2      | Reached skill level 1 in Ranged Weapons
  1222 | D:2      | Reached skill level 1 in Throwing
  1222 | D:2      | Reached skill level 1 in Armour
  1222 | D:2      | Reached skill level 1 in Stealth
  1222 | D:2      | Reached skill level 1 in Shields
  1222 | D:2      | Reached skill level 1 in Evocations
  1230 | D:2      | Noticed Terence
  1243 | D:2      | Killed Terence
  1244 | D:2      | Reached XP level 4. HP: 16/34 MP: 11/11
  1773 | D:3      | Reached skill level 1 in Conjurations
  1773 | D:3      | Reached skill level 1 in Hexes
  1773 | D:3      | Reached skill level 1 in Summonings
  1773 | D:3      | Reached skill level 1 in Necromancy
  1773 | D:3      | Reached skill level 1 in Translocations
  1773 | D:3      | Reached skill level 1 in Fire Magic
  1773 | D:3      | Reached skill level 1 in Ice Magic
  1773 | D:3      | Reached skill level 1 in Air Magic
  1773 | D:3      | Reached skill level 1 in Earth Magic
  1773 | D:3      | Reached skill level 1 in Poison Magic
  1980 | D:3      | Found a glowing golden altar of the Shining One.
  2040 | D:3      | Found an opulent altar of Gozag.
  2146 | D:3      | Found a shadowy altar of Dithmenos.
  2256 | D:3      | Noticed Ijyb
  2270 | D:3      | Killed Ijyb
  2271 | D:3      | Reached XP level 5. HP: 27/40 MP: 12/12
  2961 | D:4      | Identified the +1 leather armour of Qazlal, Supporting
                  | {rPois}
  2964 | D:4      | Found a snail-covered altar of Cheibriados.
  2964 | D:4      | Found a sacrificial altar of Ru.
  2965 | D:4      | Found a sparkling altar of Nemelex Xobeh.
  3054 | D:4      | Reached ** piety under Okawaru
  3055 | D:4      | Reached XP level 6. HP: 37/47 MP: 14/14
  3103 | D:4      | Found Keuzanes's CLEARANCE SALE!.
  3376 | D:4      | Reached skill level 5 in Dodging
  3776 | D:5      | Entered Level 5 of the Dungeon
  3776 | D:5      | Found a blossoming altar of Fedhas.
  3811 | D:5      | Reached skill level 7 in Unarmed Combat
  3811 | D:5      | Reached XP level 7. HP: 18/52 MP: 15/15
  4908 | D:5      | Reached *** piety under Okawaru
  5047 | D:5      | Reached XP level 8. HP: 60/60 MP: 12/16
  5088 | D:5      | Noticed Prince Ribbit
  5104 | D:5      | Killed Prince Ribbit
  5652 | D:6      | Found a glowing silver altar of Zin.
  5823 | D:6      | Found a staircase to the Ecumenical Temple.
  5891 | D:6      | Reached **** piety under Okawaru
  6272 | D:6      | Noticed Maggie
  6284 | D:6      | Killed Maggie
  6285 | D:6      | Reached skill level 5 in Transmutations
  6285 | D:6      | Reached XP level 9. HP: 25/67 MP: 18/18
  6661 | D:6      | HP: 3/67 [steam dragon (8)]
  6664 | D:6      | Reached skill level 5 in Fighting
  7232 | D:6      | Learned a level 4 spell: Ice Form
  7435 | D:7      | Found Qaepneod's Armour Boutique.
  7528 | D:7      | Reached skill level 8 in Unarmed Combat
  7782 | D:7      | Reached skill level 5 in Invocations
  7917 | D:7      | Found a basalt altar of Yredelemnul.
  8658 | D:8      | Noticed Joseph
  8667 | D:8      | Noticed Maurice
  8673 | D:8      | HP: 2/81 [something/bolt of dispelling energy (11)]
  8677 | D:8      | Killed Joseph
  8677 | D:8      | Reached ***** piety under Okawaru
  8678 | D:8      | Reached skill level 5 in Short Blades
  8678 | D:8      | Reached skill level 5 in Long Blades
  8678 | D:8      | Reached skill level 5 in Axes
  8678 | D:8      | Reached skill level 5 in Maces & Flails
  8678 | D:8      | Reached skill level 5 in Polearms
  8678 | D:8      | Reached skill level 5 in Staves
  8678 | D:8      | Reached skill level 5 in Ranged Weapons
  8678 | D:8      | Reached skill level 5 in Throwing
  8678 | D:8      | Reached skill level 5 in Armour
  8678 | D:8      | Reached skill level 5 in Stealth
  8678 | D:8      | Reached skill level 5 in Shields
  8678 | D:8      | Reached skill level 5 in Evocations
  8678 | D:8      | Reached XP level 10. HP: 15/76 MP: 20/20
  8678 | D:8      | Killed from afar by Maurice

Illustrated notes

Levels and vault maps discovered:
D:1:      dpeg_arrival_round_c, layout_basic
D:2:      layout_loops_ring, shapermc_ecumenical_altar_pompeii, uniq_terence
D:3:      layout_loops_ring, overflow_temple_1_default,
          nicolae_gozag_seed_capital, nicolae_dithmenos_shadow_blocks, uniq_ijyb
D:4:      layout_loops_ring, gammafunk_temple_overflow_claw,
          nicolae_shop_clearance
D:5:      layout_loops_cross, fedhas_altar_3, serial_demonic, serial_demonic_e,
          serial_demonic_f, serial_demonic_a, serial_demonic_a,
          serial_demonic_c, serial_demonic_d, uniq_prince_ribbit1
D:6:      layout_loops_corners, mainiacjoe_overflow_cross_hatched,
          minmay_temple_entry_stoned_glass, uniq_maggie
D:7:      layout_cave_pools, yredelemnul_forgotten_temple_becter, serial_shops,
          shop, serial_bayou_pond_c, nicolae_figureground_sparkle
D:8:      layout_layer_cave, kennysheep_orc_sif_temple, serial_shops,
          nicolae_take_the_stairs, enter_bailey_4, columned_hall_lemuel,
          nicolae_shop_vocational, uniq_maurice, uniq_psyche, uniq_joseph,
          uniq_erica

Skill      XL: |  1  2  3  4  5  6  7  8  9 |
---------------+----------------------------+-----
Spellcasting   | 5 6 7 |  7.1
Invocations    | 1 2 3 4 5 |  5.5
Short Blades   | 1 2 3 4 5 |  5.0
Long Blades    | 1 2 3 4 5 |  5.0
Axes           | 1 2 3 4 5 |  5.0
Maces & Flails | 1 2 3 4 5 |  5.0
Polearms       | 1 2 3 4 5 |  5.0
Staves         | 1 2 3 4 5 |  5.0
Ranged Weapons | 1 2 3 4 5 |  5.0
Throwing       | 1 2 3 4 5 |  5.0
Armour         | 1 2 3 4 5 |  5.0
Stealth        | 1 2 3 4 5 |  5.0
Shields        | 1 2 3 4 5 |  5.0
Evocations     | 1 2 3 4 5 |  5.0
Conjurations   | 1 2 3 4 |  4.1
Hexes          | 1 2 3 4 |  4.1
Summonings     | 1 2 3 4 |  4.1
Necromancy     | 1 2 3 4 |  4.1
Translocations | 1 2 3 4 |  4.1
Fire Magic     | 1 2 3 4 |  4.1
Ice Magic      | 1 2 3 4 |  4.1
Air Magic      | 1 2 3 4 |  4.1
Earth Magic    | 1 2 3 4 |  4.1
Poison Magic   | 1 2 3 4 |  4.1
Fighting       | 3 4 5 |  5.7
Transmutations | 4 5 |  5.7
Dodging        | 5 6 |  6.8
Unarmed Combat | 7 8 |  8.3

Action                   |  1- 3 |  4- 6 |  7- 9 | 10-12 || total
-------------------------+-------+-------+-------+-------++-------
Melee: Unarmed           |    77 |       |    46 |       ||   123
       Punch             |     3 |     7 |    18 |       ||    28
       Bite              |    10 |    12 |    43 |       ||    65
       Dagger            |    16 |   161 |   321 |       ||   498
       Kick              |     3 |       |    24 |       ||    27
       Headbutt          |     3 |       |    12 |       ||    15
 Cast: Beastly Appendage |     4 |       |     7 |       ||    11
       Ice Form          |       |       |     4 |       ||     4
Invok: Heroism           |       |       |     4 |       ||     4
Evoke: Wand              |       |       |    15 |       ||    15
  Use: Scroll            |       |    10 |     9 |       ||    19
       Potion            |       |     1 |    11 |     1 ||    13
 Stab: Sleeping          |     2 |     3 |     3 |       ||     8
       Distracted        |       |       |     1 |       ||     1
Armor: Robe              |    13 |    34 |    64 |       ||   111
       Skin              |       |    14 |    58 |       ||    72
Dodge: Dodged            |    61 |    81 |   257 |       ||   399

Table legend: (Time is in decaauts)
 A = Elapsed time spent in this place.
 B = Non-inter-level travel time spent in this place.
 C = Inter-level travel time spent in this place.
 D = Time resting spent in this place.
 E = Time spent auto-exploring this place.
 F = Levels seen in this place.
 G = Mean time per level.
                   A        B        C        D        E       F      G
               +--------+--------+--------+--------+--------+-----+--------+
         Total |   8601 |   8294 |    307 |    422 |   6580 |   8 | 1075.1 |
       Dungeon |   8601 |   8294 |    307 |    422 |   6580 |   8 | 1075.1 |
               +--------+--------+--------+--------+--------+-----+--------+

Top non-repeatable levels by time:
     D:5: 1812 daAuts
     D:6: 1629 daAuts
     D:7: 1270 daAuts
     D:4: 1082 daAuts
     D:3: 921 daAuts
     D:2: 874 daAuts
     D:1: 874 daAuts
     D:8: 135 daAuts
